 Dungeon Crawl Stone Soup version 0.32-a0-328-gd8048dd28f (webtiles) character file.

Game seed: 10866236815438540246

112494 gruber the Brawler (level 16, -6/157 (172) HPs)
             Began as a Troll Shapeshifter on Feb 16, 2024.
             Was the Champion of Qazlal.
             Mangled by a merfolk
             ... wielding a +0 spear
             ... led by a merfolk impaler
              (11 damage)
             ... on level 3 of the Shoals on Feb 19, 2024.
             The game lasted 00:30:14 (22549 turns).

gruber the Brawler (Troll Shapeshifter)            Turns: 22549, Time: 00:30:14

HP:   -6/157 (172)  AC: 14    Str: 32    XL:     16   Next: 11%
MP:   20/22         EV: 11    Int:  6    God:    Qazlal [******]
Gold: 2418          SH:  8    Dex:  9    Spells: 13/15 levels left

rFire   . .          .
                       - Unarmed
rCold   . . .        (no shield)
rNeg    . . .        K - +3 troll leather armour {Snorg}
rPois   .            (helmet currently unavailable)
rElec   .            (cloak currently unavailable)
rCorr   .            (gloves unavailable)
SInv    .            (boots unavailable)
Will    +....        x - amulet of regeneration
Stlth   +            D - ring of wizardry
HPRegen 2.86/turn    W - ring of flight
MPRegen 0.18/turn

%: repel missiles, wizardry (x1)
@: beast-form, protected from physical damage, flying, drained
A: beast (slay +4), large, unfitting armour, claws 3, regeneration 1, shaggy fur
1, tough skin 1, talons 1, iridescent scales 1, screaming 1
a: Begin Untransformation, Renounce Religion, Upheaval, Elemental Force,
Disaster Area


You were on level 3 of the Shoals.
You worshipped Qazlal.
Qazlal was exalted by your worship.
You were a hulking beast.
You visited 5 branches of the dungeon, and saw 26 of its levels.

You collected 2645 gold pieces.
You spent 227 gold pieces at shops.

Inventory:

Hand Weapons
 N - a +2 whip of electrocution
Missiles
 r - 3 throwing nets (quivered)
Armour
 K - a +3 troll leather armour (worn) {Snorg}
Jewellery
 x - an amulet of regeneration (around neck)
 A - a ring of magical power
 D - a ring of wizardry (left claw)
 P - a ring of ice
 V - a ring of wizardry
 W - a ring of flight (right claw)
Talismans
 c - a beast talisman (active)
 d - a flux talisman
 X - a granite talisman
Wands
 a - a wand of digging (14)
 s - a wand of mindburst (29)
 t - a wand of paralysis (22)
 C - a wand of light (5)
 R - a wand of flame (12)
 T - a wand of polymorph (5)
Scrolls
 g - 20 scrolls of identify {unknown}
 h - 11 scrolls of teleportation {unknown}
 i - 6 scrolls of vulnerability {unknown}
 j - 4 scrolls of revelation {unknown}
 k - a scroll of fear {unknown}
 n - 3 scrolls of enchant armour {unknown}
 o - 3 scrolls of enchant weapon {unknown}
 p - 2 scrolls of butterflies {unknown}
 q - 2 scrolls of fog {unknown}
 v - a scroll of amnesia {unknown}
 B - a scroll of silence {unknown}
 E - 2 scrolls of torment {unknown}
 F - 4 scrolls of noise {unknown}
 J - 4 scrolls of brand weapon {unknown}
 M - 3 scrolls of blinking {unknown}
 Q - a scroll of acquirement {unknown}
Potions
 b - 4 potions of lignification
 e - a potion of ambrosia {unknown}
 f - 9 potions of curing
 l - 3 potions of attraction
 u - 3 potions of mutation
 w - 2 potions of berserk rage
 z - 4 potions of brilliance {unknown}
 G - a potion of might {unknown}
 H - 3 potions of haste {unknown}
 I - 2 potions of magic {unknown}
 L - 2 potions of resistance {unknown}
 O - 2 potions of degeneration {unknown}
 S - a potion of cancellation {unknown}
 U - a potion of invisibility {unknown}
Miscellaneous
 y - a phantom mirror


   Skills:
 - Level 14.0 Fighting
 - Level 5.0 Maces & Flails
 - Level 8.0 Armour
 - Level 8.0 Dodging
 - Level 17.0 Unarmed Combat
 - Level 4.0 Translocations
 - Level 10.0 Invocations
 * Level 8.9 Shapeshifting


You had 13 spell levels left.
You knew the following spells:

 Your Spells              Type           Power      Damage    Failure   Level
a - Blink                 Tloc           8%         N/A       6%          2

Your spell library contained the following spells:

 Spells                   Type           Power      Damage    Failure   Level
 Kiss of Death            Conj/Necr      0%         2d5       21%         1
 Magic Dart               Conj           0%         1d3       21%         1
 Sandblast                Erth           0%         2d4       21%         1
 Shock                    Conj/Air       0%         1d3       21%         1
 Summon Small Mammal      Summ           0%         N/A       21%         1
 Call Imp                 Summ           0%         N/A       32%         2
 Ensorcelled Hibernation  Hex/Ice        0%         N/A       32%         2
 Searing Ray              Conj           0%         2d4       32%         2
 Call Canine Familiar     Summ           0%         N/A       52%         3
 Confusing Touch          Hex            0%         N/A       52%         3
 Dazzling Flash           Conj/Hex       0%         N/A       52%         3
 Hailstorm                Conj/Ice       0%         3d5       52%         3
 Mephitic Cloud           Conj/Alch/Air  0%         N/A       52%         3
 Ozocubu's Armour         Ice            0%         N/A       52%         3
 Passwall                 Erth           0%         N/A       52%         3
 Stone Arrow              Conj/Erth      0%         3d7       52%         3
 Summon Ice Beast         Ice/Summ       0%         N/A       52%         3
 Swiftness                Air            0%         N/A       52%         3
 Vhi's Electric Charge    Tloc/Air       4%         N/A       65%         4
 Airstrike                Air            0%         2d(0-16)  88%         4
 Animate Dead             Necr           0%         N/A       88%         4
 Brom's Barrelling Bould  Conj/Erth      0%         2d3       88%         4
 Dispel Undead            Necr           0%         3d6       88%         4
 Fulminant Prism          Conj/Alch      0%         3d5       88%         4
 Summon Blazeheart Golem  Fire/Summ      0%         N/A       88%         4
 Curse of Agony           Necr           0%         N/A       99%         5
 Metabolic Englaciation   Hex/Ice        0%         N/A       99%         5
 Silence                  Hex/Air        0%         N/A       99%         5
 Summon Mana Viper        Hex/Summ       0%         N/A       99%         5
 Sculpt Simulacrum        Ice/Alch       0%         N/A       100%        6
 Haunt                    Necr/Summ      0%         N/A       100%        7
 Malign Gateway           Summ/Tloc      1%         N/A       100%        7
 Infestation              Necr           0%         N/A       100%        8


Dungeon Overview and Level Annotations

Branches:
Dungeon (15/15)            Temple (1/1) D:7            Lair (5/5) D:10
 Shoals (3/4) Lair:2        Snake (0/4) Lair:2        Slime (0/5) Lair:4
    Orc (2/2) D:9             Elf (0/3) Orc:2        Vaults (0/5) D:14
 Depths (0/4) D:15

Altars:
Ashenzari
Cheibriados
Dithmenos
Elyvilon
Fedhas
Gozag
Hepliaklqana
Kikubaaqudgha
Makhleb
Nemelex Xobeh
Okawaru
Qazlal
Ru
Sif Muna
Trog
Uskayaw
Vehumet
Wu Jian
Xom
Yredelemnul
Zin
The Shining One
Beogh

Shops:
D:3 *   D:6 !   D:9 =   Orc:2 *(*:(

Portals:
Pandemonium: Orc:2

Annotations:
D:3 1 runed translucent door, ILmort's ghost, amateur DgCj
D:10 exclusion: obsidian statue


Innate Abilities, Weirdness & Mutations

You are a hulking beast.
Your limbs bulge with bestial killing power. (Slay +4)
You are too large for most types of armour.
You have claws for hands.
Your natural rate of healing is unusually fast.
You are covered in fur. (AC +1)
You have tough skin. (AC +1)
You have sharp toenails.
You are partially covered in iridescent scales. (AC +2)
You occasionally shout uncontrollably at your foes.


Message History

Unknown command.
You are too injured to fight recklessly!
Unknown command. 2 merfolk come into view.
You yell at the merfolk!
The merfolk shouts! x2
The merfolk moves out of view.
You block the merfolk impaler's attack. The merfolk hits you with a +0 glaive!!
You feel more protected from physical attacks.
The merfolk hits you from afar with a +0 spear.
The merfolk impaler hits you with a +0 demon trident of draining.
You feel drained. The merfolk completely misses you.
Unknown command.
Unknown command.
You mangle the merfolk impaler!! Your kick misses the merfolk impaler.
Your claw misses the merfolk impaler.
The merfolk impaler is moderately wounded.
You block the merfolk impaler's attack.
The merfolk hits you from afar with a +0 spear!
You closely miss the merfolk impaler. Your kick misses the merfolk impaler.
Your claw misses the merfolk impaler.
The merfolk impaler is moderately wounded.
The merfolk hits you from afar with a +0 spear!
* * * LOW HITPOINT WARNING * * *
You block the merfolk's attack.
The merfolk impaler hits you with a +0 demon trident of draining!
* * * LOW HITPOINT WARNING * * *
You feel drained.
* * * LOW HITPOINT WARNING * * *
The merfolk hits you with a +0 glaive!
* * * LOW HITPOINT WARNING * * *
You feel more protected from physical attacks.
Unknown command.
You eviscerate the merfolk impaler!!!
You kill the merfolk impaler!
Qazlal accepts your kill.
The merfolk hits you from afar with a +0 spear!
* * * LOW HITPOINT WARNING * * *
The merfolk hits you from afar with a +0 spear!
You die...

).(### #.....[.~.~~~~
.)[..########......~~...~~
~~.)...............~§§~~~~
~~~)..~.~~~.....#..~§§§w~~
≈~~~~~~~~~~~....#...§§§~~≈
≈≈~~~~~.~~~~~..##.~~~§§~≈≈
≈~~~~~~..~~~~.○.##~~~§§~X≈
≈~..~...~~~~~...#.§~~§§w~≈
~...........~~°)h.m~~§§§~≈
##..##~.~~~~m○m..§§~~≈
.....~~~~~~§~m~§§~~~≈
...~~~~~~~~~~~~~~~≈
...~~~~~~~~~~~~~≈≈≈
~~~~≈~~~~~~~~~~~~≈
~~~~~~~~~~...~~~~≈
~~~~~~~~~~~#.~~~~≈


You could see 4 merfolk.

Vanquished Creatures
  Polyphemus (Shoals:3)
  Ilsuiw (Shoals:3)
  A very ugly thing (D:15)
  Snorg (D:10)
  3 merfolk impalers
  A merfolk javelineer (Shoals:3)
  A great orb of eyes (D:15)
  A rakshasa (D:15)
  An alligator snapping turtle (Shoals:2)
  5 hydras
  4 vault guards (D:14)
  6 centaur warriors
  2 demonspawn (Orc:2)
  A death knight (D:13)
  2 tengu warriors
  2 catoblepae
  A deep troll shaman (Lair:5)
  5 orc high priests (Orc:2)
  7 death yaks
  A shock serpent (shapeshifter) (D:15)
  A skyshark (Lair:2)
  A soul eater (Orc:2)
  3 skeletal warriors
  A fire crab (Shoals:2)
  3 sea snakes
  A phantasmal warrior (D:13)
  7 deep elf pyromancers
  6 orc knights
  8 orc sorcerers
  6 ugly things (D:15)
  An oklob plant (D:10)
  4 manticores
  A salamander (Lair:2)
  A cyclops (D:15)
  Maurice (D:8)
  8 fauns
  5 black mambas
  7 merfolk sirens
  3 kobold blastminers
  18 elephants
  Joseph (Lair:1)
  11 cane toads
  A rust devil (Orc:2)
  2 gargoyles
  5 rime drakes
  3 freezing wraiths
  6 komodo dragons
  3 unseen horrors
  14 merfolk
  3 tengu conjurers
  6 trolls
  Psyche (D:10)
  A wind drake (Shoals:1)
  4 polar bears
  Grinder (D:3)
  5 blink frogs
  4 snapping turtles
  3 shadows
  18 slime creatures
  A vampire (D:12)
  6 spriggans (Lair:2)
  8 wyverns
  2 water elementals
  3 basilisks
  4 wraiths
  49 yaks
  A hog (shapeshifter) (D:14)
  6 humans (D:10)
  2 fire bats (Shoals:2)
  3 wargs
  10 vampire mosquitoes
  A chaos spawn (Orc:2)
  2 neqoxecs (Orc:2)
  4 steam dragons
  Duvessa (D:4)
  8 water moccasins
  37 orc warriors
  2 sky beasts
  3 ice beasts
  5 black bears
  2 laughing skulls (D:15)
  12 ogres
  14 wolves
  12 centaurs
  A phantom (D:4)
  3 kobold brigands
  16 bullfrogs
  A scorpion (D:6)
  2 gnoll sergeants
  13 wights
  Dowan (D:4)
  8 killer bees
  5 electric eels
  5 howler monkeys
  2 lava snakes (Lair:2)
  A bombardier beetle (D:6)
  8 hounds
  4 jellies
  6 gnoll boudas
  16 orc priests
  Jessica (D:2)
  2 sleepcaps
  21 orc wizards
  4 iguanas
  32 gnolls
  5 adders
  A shadow imp (D:6)
  2 ufetubi (D:5)
  4 dart slugs
  4 ribbon worms
  106 orcs
  6 bats
  11 endoplasms
  2 giant cockroaches (D:1)
  5 hobgoblins
  4 jackals
  19 kobolds
  5 quokkas
  7 ball pythons
  2 frilled lizards (D:2)
  10 goblins
  3 rats
  A butterfly (Lair:2)
  3 tentacles (Shoals:3)
775 creatures vanquished.

Vanquished Creatures (collateral kills)
  2 death yaks (Shoals:3)
  A faun (Shoals:3)
  A merfolk (Shoals:3)
4 creatures vanquished.

Vanquished Creatures (others)
  An orc (D:15)
  3 tentacles (Shoals:3)
4 creatures vanquished.

Grand Total: 783 creatures vanquished

Notes
Turn   | Place    | Note
-------+----------+-------------------------------------------
     0 | D:1      | gruber the Troll Shapeshifter began the quest for the Orb.
     0 | D:1      | Reached XP level 1. HP: 18/18 MP: 0/0
    69 | D:1      | Reached XP level 2. HP: 25/26 MP: 1/1
   150 | D:1      | Reached skill level 4 in Unarmed Combat
   278 | D:1      | Reached XP level 3. HP: 32/32 MP: 2/2
   814 | D:2      | Noticed Jessica
   818 | D:2      | Killed Jessica
   819 | D:2      | Reached skill level 5 in Unarmed Combat
   819 | D:2      | Reached XP level 4. HP: 40/40 MP: 3/3
   840 | D:2      | Found a faded altar of an unknown god.
  1556 | D:3      | Reached XP level 5. HP: 40/46 MP: 4/4
  1606 | D:3      | Found a stormy altar of Qazlal.
  1607 | D:3      | Found an ornate altar of the Wu Jian Council.
  1646 | D:3      | Noticed an ice beast
  1651 | D:3      | Killed an ice beast
  1652 | D:3      | Reached skill level 6 in Unarmed Combat
  1944 | D:3      | Reached XP level 6. HP: 54/54 MP: 5/5
  2009 | D:3      | Found a snail-covered altar of Cheibriados.
  2009 | D:3      | Noticed Grinder
  2010 | D:3      | Paralysed by Grinder for 5 turns
  2058 | D:3      | Killed Grinder
  2059 | D:3      | Reached skill level 7 in Unarmed Combat
  2207 | D:3      | Identified the +2 falchion "Fiulis" {freeze, Will+ Int+2
                  | Dex+3}
  2212 | D:3      | Found a runed translucent door.
  2213 | D:3      | Noticed ILmort's ghost (amateur DgCj)
  2413 | D:3      | Found Gyrry's Assorted Antiques.
  2522 | D:4      | Found a white marble altar of Elyvilon.
  2559 | D:4      | Reached skill level 8 in Unarmed Combat
  2580 | D:4      | Reached XP level 7. HP: 55/61 MP: 6/6
  2600 | D:4      | Noticed Duvessa
  2600 | D:4      | Noticed Dowan
  2613 | D:4      | Killed Duvessa
  2615 | D:4      | Killed Dowan
  2714 | D:4      | Reached skill level 9 in Unarmed Combat
  2910 | D:4      | Reached XP level 8. HP: 57/67 MP: 7/7
  3175 | D:5      | Entered Level 5 of the Dungeon
  3227 | D:5      | Reached skill level 10 in Unarmed Combat
  3227 | D:5      | Reached skill level 1 in Fighting
  3260 | D:5      | HP: 3/74 [orc/+0 hand axe (2)]
  3461 | D:5      | Found an ancient bone altar of Kikubaaqudgha.
  4654 | D:6      | Reached skill level 5 in Fighting
  4694 | D:6      | Found Umaguh's Distillery.
  4828 | D:6      | Reached XP level 9. HP: 88/88 MP: 8/8
  5107 | D:6      | Got Sif Muna's Atlas of Hexed Superposition
  5531 | D:7      | Reached skill level 5 in Dodging
  5641 | D:7      | Found a staircase to the Ecumenical Temple.
  5780 | D:7      | Reached skill level 5 in Shapeshifting
  5797 | D:7      | Identified the +5 chain mail of Vanity {Harm rPois Slay+3}
  5867 | D:7      | Found a hazy altar of Hepliaklqana.
  6236 | Temple   | Entered the Ecumenical Temple
  6376 | D:3      | Became a worshipper of Qazlal Stormbringer
  6593 | D:7      | Reached XP level 10. HP: 94/96 MP: 9/9
  6707 | D:8      | Reached * piety under Qazlal
  6891 | D:8      | Reached skill level 11 in Unarmed Combat
  7237 | D:8      | Noticed Maurice
  7245 | D:8      | Paralysed by something for 4 turns
  7252 | D:8      | Something stole a flux talisman
  7254 | D:8      | Something stole a ring of wizardry
  7255 | D:8      | Killed Maurice
  7301 | D:9      | Reached skill level 12 in Unarmed Combat
  7419 | D:9      | Found Vasadgh's Jewellery Emporium.
  7539 | D:9      | Reached ** piety under Qazlal
  7754 | D:9      | Found a roughly hewn altar of Beogh.
  7754 | D:9      | Found a staircase to the Orcish Mines.
  7858 | D:9      | Found an iron altar of Okawaru.
  8042 | D:9      | Found an opulent altar of Gozag.
  8059 | D:10     | Entered Level 10 of the Dungeon
  8084 | D:10     | Reached skill level 13 in Unarmed Combat
  8217 | D:10     | Reached XP level 11. HP: 61/102 MP: 10/10
  8229 | D:10     | Reached *** piety under Qazlal
  8314 | D:10     | Noticed Psyche
  8322 | D:10     | Killed Psyche
  8360 | D:10     | Found a staircase to the Lair.
  8360 | D:10     | Noticed an oklob plant
  8364 | D:10     | Killed an oklob plant
  8365 | D:10     | Reached skill level 14 in Unarmed Combat
  8698 | D:10     | Noticed a centaur warrior
  8716 | D:10     | Killed a centaur warrior
  8759 | D:10     | Found a burning altar of Makhleb.
  8797 | D:10     | Noticed an obsidian statue
  8798 | D:10     | Noticed a sun demon
  8892 | D:10     | Noticed Snorg
  8900 | D:10     | Killed Snorg
  8901 | D:10     | Reached skill level 15 in Unarmed Combat
  9357 | D:11     | Reached **** piety under Qazlal
 10035 | D:12     | Noticed a deep elf pyromancer
 10040 | D:12     | Killed a deep elf pyromancer
 10155 | D:12     | Noticed a deep elf pyromancer
 10161 | D:12     | Killed a deep elf pyromancer
 10231 | D:12     | Identified the +1 ring mail of Forking Paths {*Slow rPois
                  | rCorr Int+2}
 10329 | D:12     | Reached skill level 10 in Fighting
 10346 | D:12     | Reached XP level 12. HP: 125/126 MP: 11/11
 10398 | D:12     | Found a sparkling altar of Nemelex Xobeh.
 11094 | D:13     | Noticed a centaur warrior
 11099 | D:13     | Killed a centaur warrior
 11100 | D:13     | Reached skill level 1 in Armour
 11454 | D:14     | Noticed a death knight
 11834 | D:14     | Noticed a centaur warrior
 11835 | D:14     | Noticed a vault guard
 11835 | D:14     | Noticed a vault guard
 11836 | D:14     | Noticed a vault guard
 11837 | D:14     | Noticed a tengu warrior
 11853 | D:14     | Gained mutation: You have sharp toenails. [potion of
                  | mutation]
 11853 | D:14     | Gained mutation: You occasionally shout uncontrollably at
                  | your foes. [potion of mutation]
 11853 | D:14     | Gained mutation: You are partially covered in iridescent
                  | scales. (AC +2) [potion of mutation]
 11856 | D:14     | Killed a vault guard
 11860 | D:14     | Killed a vault guard
 11861 | D:14     | Reached skill level 5 in Armour
 11861 | D:14     | Reached skill level 1 in Invocations
 11862 | D:14     | Killed a centaur warrior
 11862 | D:14     | Noticed a vault guard
 11864 | D:14     | Killed a vault guard
 11871 | D:14     | Killed a vault guard
 11871 | D:14     | Reached ***** piety under Qazlal
 11875 | D:14     | Killed a tengu warrior
 11876 | D:14     | Reached skill level 5 in Invocations
 11900 | D:14     | Found a gate to the Vaults.
 11917 | D:14     | Noticed a centaur warrior
 11923 | D:14     | Killed a centaur warrior
 12002 | D:14     | Reached XP level 13. HP: 80/140 MP: 16/16
 12395 | Lair:1   | Entered Level 1 of the Lair of Beasts
 12411 | Lair:1   | Reached skill level 1 in Maces & Flails
 12946 | Lair:1   | Noticed Joseph
 12954 | Lair:1   | Killed Joseph
 12955 | Lair:1   | Reached skill level 5 in Maces & Flails
 13047 | Lair:1   | Identified the +5 short sword of Ruination {flame, Dex+3}
 13836 | Lair:2   | Found a staircase to the Snake Pit.
 14022 | Lair:2   | Found a staircase to the Shoals.
 14686 | Lair:3   | You fall into a shaft and drop 2 floors!
 14686 | Lair:5   | Entered Level 5 of the Lair of Beasts
 14841 | Lair:5   | Reached ****** piety under Qazlal
 14909 | Lair:4   | Reached XP level 14. HP: 145/149 MP: 17/17
 14964 | Lair:4   | Found a staircase to the Slime Pits.
 15312 | Lair:4   | Identified the +3 orcbow of Bile {flame, rElec}
 15397 | Lair:4   | Found a stormy altar of Qazlal.
 16980 | Lair:5   | Learned a level 2 spell: Blink
 17161 | Orc:1    | Entered Level 1 of the Orcish Mines
 17203 | Orc:1    | Reached skill level 1 in Translocations
 17491 | Orc:2    | Entered Level 2 of the Orcish Mines
 17556 | Orc:2    | Found a roughly hewn altar of Beogh.
 17594 | Orc:2    | Found a staircase to the Elven Halls.
 18056 | Orc:2    | Found Uqeczorr's General Store.
 18059 | Orc:2    | Found Xuerech's General Store.
 18222 | Orc:2    | Paralysed by an orc sorcerer for 4 turns
 18351 | Orc:2    | Reached XP level 15. HP: 131/151 MP: 19/19
 18377 | Orc:2    | Paralysed by an orc sorcerer for 2 turns
 18424 | Orc:2    | Found Qaz Ory's Book Boutique.
 18424 | Orc:2    | Found Zest's Antique Weapon Shop.
 18425 | Orc:2    | Found a one-way gate leading to the halls of Pandemonium.
 18500 | Orc:2    | Found Ehauzamm's Antique Weapon Boutique.
 19636 | D:15     | Entered Level 15 of the Dungeon
 19723 | D:15     | Reached skill level 10 in Invocations
 20347 | D:15     | Found a staircase to the Depths.
 20741 | Orc:2    | Bought a ring of flight for 227 gold pieces
 20873 | Shoals:1 | Entered Level 1 of the Shoals
 20893 | Shoals:1 | Reached skill level 16 in Unarmed Combat
 21994 | Shoals:2 | Reached skill level 17 in Unarmed Combat
 22405 | Shoals:3 | Noticed Ilsuiw
 22410 | Shoals:3 | Noticed Polyphemus
 22416 | Shoals:3 | Reached XP level 16. HP: 98/172 MP: 16/22
 22423 | Shoals:3 | Killed Polyphemus
 22430 | Shoals:3 | Killed Ilsuiw
 22436 | Shoals:3 | HP: 1/172 [merfolk javelineer/silver javelin[Ilsuiw] (9)]
 22525 | Shoals:3 | Noticed a kraken
 22549 | Shoals:3 | HP: 5/157 [merfolk/+0 spear[a merfolk impaler] (9)]
 22549 | Shoals:3 | Mangled by a merfolk

Illustrated notes

Levels and vault maps discovered:
D:1:      dpeg_arrival_central, layout_rooms, hangedman_decor_riveting,
          nicolae_eternal_life, minmay_cupped
D:2:      layout_basic, chequers_ecumenical_altar_simple_redux, grunt_decor_cap,
          hangedman_decor_opposing, uniq_jessica
D:3:      layout_loops_corners, mainiacjoe_overflow_divided_tiny,
          kennysheep_slug_shrine, ebering_ghost_reflecting_pool, serial_shops,
          nicolae_shop_real_fake_doors, uniq_grinder
D:4:      minmay_chambers_of_twos, layout_cave_pools,
          nicolae_elyvilon_temple_path, uniq_duvessa
D:5:      layout_layer_cave, mainiacjoe_overflow_small_starburst
D:6:      layout_basic, serial_shops, nicolae_shop_industrial_runoff
D:7:      layout_basic, mainiacjoe_overflow_24_doors, temple_doors_ab,
          minivault_10
D:8:      layout_rooms, serial_corexii_hall, chequers_hall_statues_y,
          corexii_hall_statues_t, corexii_hall_statues_i,
          corexii_hall_statues_deadend, corexii_hall_statues_x,
          corexii_hall_statues_x, nicolae_the_louvre, uniq_maurice
D:9:      layout_basic, okawaru_metal_pillars_1_2, lemuel_doored_altar,
          david_orc_5, kennysheep_small_square
D:10:     erik_cavepeople, layout_irregular_city, amcnicky_altar_gilded,
          dpeg_oklobed_lair, minmay_statue_bubble, uniq_snorg
D:11:     layout_loops_ring, minmay_hedge_maze, dreamdust_wishing_well
D:12:     layout_irregular_city, nemelex_xobeh_ov_fountains_minmay
D:13:     layout_irregular_city
D:14:     kennysheep_seaside_town, layout_small_grid,
          lightli_vaults_fourway_checkpoint, nrook_campfire, solitary_fountain,
          nicolae_letterblocks [nicolae_letter_subblock,
          nicolae_letter_subblock, nicolae_letter_subblock,
          nicolae_letter_subblock, nicolae_letter_subblock,
          nicolae_letter_subblock, nicolae_letter_subblock,
          nicolae_letter_subblock, nicolae_letter_subblock,
          nicolae_letter_subblock, nicolae_letter_subblock,
          nicolae_letter_subblock, nicolae_letter_subblock,
          nicolae_letter_subblock, nicolae_letter_subblock,
          nicolae_letter_subblock, nicolae_letter_subblock,
          nicolae_letter_subblock, nicolae_letter_subblock,
          nicolae_letter_subblock, nicolae_letter_subblock,
          nicolae_letter_subblock, nicolae_letter_subblock,
          nicolae_letter_subblock, nicolae_letter_subblock]
D:15:     gammafunk_enter_depths_forms, layout_basic, serial_park_gazebo
          [serial_park_minivault_5x5_6], minmay_variable_closet,
          minmay_misc_feat_encased
Temple:   nicolae_temple_bog_church
Lair:1:   layout_loops_ring, grunt_megastairs_1, uniq_joseph
Lair:2:   layout_regular_city, minmay_shoals_entry_lonely_mermaid,
          nicolae_snake_entry_warm_welcome, wad_woods_01, lemuel_fruit_fields
Lair:3:   layout_roguey, serial_bayou, serial_bayou_pond_e,
          serial_bayou_lagoon_b, serial_bayou_crossing, serial_bayou_pond_b
Lair:4:   layout_long_grid, slime_entry_1, basic_altar,
          nicolae_quartered_pool_medium, gammafunk_lair_bear_cave,
          lemuel_fruit_tree, grunt_megastairs_5
Lair:5:   grunt_lair_end_beastmaster, layout_hall_layers
Shoals:1: layout_shoals
Shoals:2: layout_shoals, hangedman_shoal_volcano
Shoals:3: layout_shoals, nicolae_shoals_drake_roost, uniq_polyphemus,
          uniq_ilsuiw, uniq_donald
Orc:1:    layout_diamond_mine
Orc:2:    pf_orc_diabolical, layout_diamond_mine, basic_altar, serial_shops,
          nicolae_shop_tiny_real_fake_doors

Skill      XL: |  1  2  3  4  5  6  7  8  9 10 11 12 13 14 15 |
---------------+----------------------------------------------+-----
Unarmed Combat | 4 5 6 8 9 10 13 15 17 | 17.0
Fighting       | 5 10 12 14 | 14.0
Dodging        | 3 5 7 8 |  8.0
Shapeshifting  | 7 8 |  8.9
Armour         | 5 7 8 |  8.0
Invocations    | 6 7 10 | 10.0
Maces & Flails | 5 |  5.0
Translocations | 4 |  4.0

Action                     |  1- 3 |  4- 6 |  7- 9 | 10-12 | 13-15 | 16-18 || total
---------------------------+-------+-------+-------+-------+-------+-------++-------
  Melee: Unarmed           |    69 |    99 |   274 |   524 |   913 |    21 ||  1900
         Punch             |     1 |     1 |     9 |    32 |    84 |     2 ||   129
         Kick              |       |       |       |    14 |   342 |     6 ||   362
         Whip              |       |       |       |       |    29 |       ||    29
 Invoke: Upheaval          |       |       |       |       |     5 |     2 ||     7
         Elemental Force   |       |       |       |       |     1 |       ||     1
    Use: Potion            |       |       |     3 |     2 |       |     2 ||     7
   Stab: Sleeping          |       |       |     1 |       |       |       ||     1
         Petrified         |       |       |       |       |     4 |       ||     4
         Paralysed         |       |       |       |       |     1 |     1 ||     2
 Armour: Animal skin       |    45 |    59 |   142 |       |       |       ||   246
         Robe              |       |       |    55 |   149 |       |       ||   204
         Troll leather arm |       |       |       |   224 |   631 |    37 ||   892
  Dodge: Dodged            |    29 |    29 |   147 |   235 |   321 |    10 ||   771
         Repelled          |       |       |       |       |    14 |       ||    14
  Block: Other             |       |       |       |    87 |   223 |     8 ||   318

Table legend: (Time is in decaauts)
 A = Elapsed time spent in this place.
 B = Non-inter-level travel time spent in this place.
 C = Inter-level travel time spent in this place.
 D = Time resting spent in this place.
 E = Time spent auto-exploring this place.
 F = Levels seen in this place.
 G = Mean time per level.
                   A        B        C        D        E       F      G
               +--------+--------+--------+--------+--------+-----+--------+
         Total |  22117 |  20026 |   2091 |    374 |  15940 |  26 |  850.7 |
       Dungeon |  14185 |  12791 |   1394 |    146 |  10327 |  15 |  945.7 |
        Temple |      1 |      0 |      1 |      0 |      0 |   1 |    1.0 |
          Lair |   4672 |   4270 |    402 |      0 |   3590 |   5 |  934.4 |
        Shoals |   1627 |   1562 |     65 |    103 |   1131 |   3 |  542.3 |
  Orcish Mines |   1630 |   1402 |    228 |    124 |    892 |   2 |  815.0 |
               +--------+--------+--------+--------+--------+-----+--------+

Top non-repeatable levels by time:
     D:5: 1442 daAuts
    D:14: 1384 daAuts
    D:10: 1171 daAuts
  Lair:5: 1115 daAuts
     D:3: 1062 daAuts
   Orc:2: 1050 daAuts
    D:11: 957 daAuts
    D:15: 925 daAuts
  Lair:1: 919 daAuts
  Lair:2: 918 daAuts
     D:7: 902 daAuts
     D:6: 879 daAuts
  Lair:4: 865 daAuts
  Lair:3: 854 daAuts
     D:9: 844 daAuts
